 Dungeon Crawl Stone Soup version 0.30-a0-614-ge5ea1257c2 (console) character file.

Game seed: 13847091776414096996

82 Ignak the Sneak (level 4, 0/28 HPs)
             Began as an Octopode Enchanter on Jan 9, 2023.
             Slain by Grinder (10 damage)
             ... on level 2 of the Dungeon.
             The game lasted 00:04:05 (1590 turns).

Ignak the Sneak (Octopode Enchanter)                Turns: 1590, Time: 00:04:06

Health: 0/28       AC:  1    Str: 13    XL:     4   Next: 43%
Magic:  4/7        EV: 14    Int: 17    God:
Gold:   179        SH:  0    Dex: 14    Spells: 2/7 levels left

rFire   . . .      SeeInvis .    a - +1 dagger
rCold   . . .      Faith    .    (no shield)
rNeg    . . .      Spirit   .    (helmet restricted)
rPois   .          Reflect  .    (no amulet)
rElec   .          Harm     .    e - +6 ring of strength
rCorr   .          Rampage  .    (no ring)
Will    .....                    (no ring)
Stlth   ++++                     (no ring)
HPRegen 0.24/turn                (no ring)
MPRegen 0.10/turn                (no ring)
                                 (no ring)
                                 (no ring)

@: confusing by touch
A: almost no armour, amphibious, 8 rings, camouflage 1, gelatinous body 1,
(nimble swimmer 1), tentacles
a: no special abilities


You were on level 2 of the Dungeon.
You visited 1 branch of the dungeon, and saw 3 of its levels.

You collected 179 gold pieces.

Inventory:

Hand Weapons
 a - a +1 dagger (weapon)
Jewellery
 e - a +6 ring of strength (left tentacle)
 h - an amulet of faith
Scrolls
 c - a scroll of teleportation {unknown}
 f - 11 scrolls of identify {unknown}
 g - a scroll of enchant armour {unknown}
 m - a scroll of poison {unknown}
 n - a scroll of acquirement {unknown}
Potions
 b - a potion of invisibility
 d - 2 potions of haste {unknown}
 i - a potion of mutation {unknown}
 j - 3 potions of curing {unknown}
 k - a potion of brilliance {unknown}
 l - 2 potions of flight {unknown}
 o - a potion of berserk rage {unknown}
 p - a potion of magic {unknown}


   Skills:
 * Level 1.4 Fighting
 + Level 1.4 Short Blades
 * Level 2.9 Dodging
 * Level 4.7 Stealth
 + Level 0.8 Unarmed Combat
 + Level 2.3 Spellcasting
 + Level 3.1 Hexes


You had 2 spell levels left.
You knew the following spells:

 Your Spells              Type           Power      Damage    Failure   Level
a - Confusing Touch       Hex            12%        N/A       16%         3
c - Ensorcelled Hibernat  Hex/Ice        14%        N/A       14%         2

Your spell library contained the following spells:

 Spells                   Type           Power      Damage    Failure   Level
 Tukima's Dance           Hex            12%        N/A       16%         3
 Dazzling Flash           Conj/Hex       14%        N/A       28%         3


Dungeon Overview and Level Annotations

Branches:
Dungeon (3/15)

Altars:
Ru

Annotations:
D:2 Grinder


Innate Abilities, Weirdness & Mutations

You cannot wear most types of armour.
You are amphibious.
You can wear up to eight rings at the same time.
Your skin changes colour to match your surroundings (Stealth+).
Your rubbery body absorbs attacks. (AC +1, EV +1)
((You are camouflaged when in or above water. (Stealth+)))
You have tentacles for arms and can constrict up to eight enemies at once.


Message History

The bat misses you.
Grinder gestures at the bat.
The bat writhes in agony!
The bat dies!
There is a stone staircase leading up here.
The kobold shouts!
You hear an angry hiss. x2
You climb upwards.
There is a stone staircase leading down here.
You start resting.
You flicker for a moment.
You start resting.
You flicker back into view.
You start resting.
HP restored.
This spell is quite dangerous to cast!
Memorise Confusing Touch, consuming 3 spell levels and leaving 2?
You start memorising the spell.
You continue memorising. x3
You finish memorising.
Spell assigned to 'a'.
Okay, then.
There is a stone staircase leading down here.
You climb downwards.
Level annotation: Grinder The adder hisses angrily.
Grinder hits you!
You writhe in agony.
A frilled lizard comes into view.
There is a stone staircase leading up, spattered with blood here.
Grinder misses you. The adder bites you.
You climb upwards.
There is a stone staircase leading down here.
Casting: Ensorcelled Hibernation (safe; 14% risk of failure)
Confirm with . or Enter, or press ? or * to list all spells.
The spell is quite dangerous to miscast (16% risk of failure)!
Continue anyway?
Your tentacles begin to glow red.
Grinder hits you.
You writhe in agony.
You closely miss Grinder. Your grab misses Grinder. You squeeze Grinder.
Grinder is lightly wounded.
Grinder barely misses you.
You closely miss Grinder. You grab Grinder.
Grinder is lightly wounded.
You constrict Grinder. Grinder hits you!
You die...

######......###.# #.######
######...............#####.#
.........................#.######
######.###....#...##.###.#.......
#.###........##.###.#.......
#.#....#............#...._..
######...........###..##.#.......
.............#..5......#.#.#.....
................@#.......#.####..
.##.##....#.##..##.#..##.#.## #..
.##.##....#.................# #..
.##.##....#..#..##...###..### #..
..#.##....#..#.......# #..# ###
.##.##....#..........# #..# ####
..........#.......#..# #..# #.).
..#.......#####...#..# #..# #.##
..#..#.#.....†.......###..####.#.


You could see Grinder.

Vanquished Creatures
  2 adders (D:2)
  4 dart slugs
  3 orcs (D:3)
  3 ball pythons
  6 endoplasms
  4 giant cockroaches (D:1)
  3 goblins
  9 hobgoblins
  4 kobolds
  4 bats
  4 frilled lizards
  4 rats
50 creatures vanquished.

Vanquished Creatures (others)
  A bat (D:3)
1 creature vanquished.

Grand Total: 51 creatures vanquished

Notes
Turn   | Place    | Note
-------+----------+-------------------------------------------
     0 | D:1      | Ignak the Octopode Enchanter began the quest for the Orb.
     0 | D:1      | Reached XP level 1. HP: 11/11 MP: 3/3
    47 | D:1      | Reached XP level 2. HP: 17/18 MP: 5/5
    63 | D:1      | Learned a level 2 spell: Ensorcelled Hibernation
   277 | D:1      | Reached skill level 1 in Fighting
   277 | D:1      | Reached XP level 3. HP: 23/23 MP: 6/6
   641 | D:2      | Found a sacrificial altar of Ru.
   781 | D:2      | Reached XP level 4. HP: 28/28 MP: 7/7
  1476 | D:3      | Noticed Grinder
  1582 | D:2      | Learned a level 3 spell: Confusing Touch
  1590 | D:2      | Slain by Grinder

Illustrated notes

Levels and vault maps discovered:
D:1:      dpeg_arrival_chambers_temple_mockup, layout_basic, minivault_14,
          nicolae_titane
D:2:      layout_basic, basic_altar
D:3:      kennysheep_the_goblin_king, layout_rooms, biasface_ghost_orc_armoury,
          uniq_grinder

Skill      XL: |  1  2 |
---------------+-------+-----
Fighting       | 1 |  1.4
Short Blades   | |  1.4
Dodging        | |  2.9
Stealth        | |  4.7
Unarmed Combat | |  0.8
Spellcasting   | |  2.3
Hexes          | |  3.1

Action                   |  1- 3 |  4- 6 || total
-------------------------+-------+-------++-------
Melee: Dagger            |    54 |    23 ||    77
       Constrict         |    12 |     7 ||    19
       Tentacles         |     8 |     5 ||    13
 Cast: Ensorcelled Hiber |       |     3 ||     3
       Confusing Touch   |       |     1 ||     1
  Use: Potion            |       |     1 ||     1
 Stab: Sleeping          |    18 |     6 ||    24
       Distracted        |     1 |       ||     1
Armor: Skin              |     4 |     4 ||     8
Dodge: Dodged            |    22 |    18 ||    40

Table legend: (Time is in decaauts)
 A = Elapsed time spent in this place.
 B = Non-inter-level travel time spent in this place.
 C = Inter-level travel time spent in this place.
 D = Time resting spent in this place.
 E = Time spent auto-exploring this place.
 F = Levels seen in this place.
 G = Mean time per level.
                   A        B        C        D        E       F      G
               +--------+--------+--------+--------+--------+-----+--------+
         Total |   1585 |   1521 |     64 |    146 |    846 |   3 |  528.3 |
       Dungeon |   1585 |   1521 |     64 |    146 |    846 |   3 |  528.3 |
               +--------+--------+--------+--------+--------+-----+--------+

Top non-repeatable levels by time:
     D:2: 867 daAuts
     D:1: 638 daAuts
     D:3: 79 daAuts
